 Dungeon Crawl Stone Soup version 0.23.2-40-g277498a001 (webtiles) character file.

Game seed: 17869082916411846308

184 Iskender the Ducker (level 5, -8/36 HPs)
             Began as an Octopode Chaos Knight on Oct 19, 2019.
             Was a Plaything of Xom.
             Mangled by a gnoll
             ... wielding a +3 flail
              (13 damage)
             ... on level 3 of the Dungeon.
             The game lasted 00:11:51 (2678 turns).

Iskender the Ducker (Octopode Chaos Knight)         Turns: 2678, Time: 00:11:53

Health: -8/36      AC:  1    Str: 11    XL:     5   Next: 63%
Magic:  5/5        EV:  8    Int: 15    God:    Xom [..*...]
Gold:   89         SH:  0    Dex: 12    Spells: 4/4 levels left

rFire    . . .     SeeInvis .   a - +0 spear (chaos)
rCold    . . .     Gourm    .   (no shield)
rNeg     . . .     Faith    .   (helmet restricted)
rPois    .         Spirit   .   (no amulet)
rElec    .         Reflect  .   k - ring of wizardry
rCorr    .         Harm     .   (no ring)
MR       .....                  (no ring)
Stlth    +++.......             (no ring)
HPRegen  0.12/turn              (no ring)
MPRegen  0.09/turn              (no ring)
                                (no ring)
                                (no ring)

@: held, heavily drained
A: almost no armour, stealthy swim, amphibious, 8 rings, constrict 8, camouflage
1, gelatinous body 1
a: Renounce Religion


You were on level 3 of the Dungeon.
You worshipped Xom.
You were a toy of Xom.
You were not hungry.

You visited 1 branch of the dungeon, and saw 3 of its levels.

You collected 89 gold pieces.

Inventory:

Hand Weapons
 a - a +0 spear of chaos (weapon)
 e - a +1 short sword of draining
 h - a +0 mace
 v - a +0 blowgun
Missiles
 d - 68 stones (quivered)
 f - 14 poisoned needles
Jewellery
 k - a ring of wizardry (left tentacle)
Scrolls
 c - a scroll of noise
 g - 5 scrolls of identify {unknown}
 i - 2 scrolls of remove curse
 j - a scroll of blinking {unknown}
 n - 2 scrolls of fog {unknown}
Potions
 l - a potion of flight {unknown}
 o - a potion of ambrosia {unknown}
 p - 2 potions of might {unknown}
Comestibles
 b - 6 rations
 m - a chunk of flesh


   Skills:
 - Level 3.0(1.0) Fighting
 - Level 3.0(1.0) Polearms
 + Level 4.8(2.7) Dodging
 - Level 4.3(2.3) Stealth


You had 4 spell levels left.
You didn't know any spells.
Your spell library was empty.

Dungeon Overview and Level Annotations

Branches:
Dungeon (3/15)

Altars:
Cheibriados
Xom


Innate Abilities, Weirdness & Mutations

You cannot wear most types of armour.
You are very stealthy in the water. (Stealth+)
You are amphibious.
You can wear up to eight rings at the same time.
You can use your tentacles to constrict eight enemies at once.
Your skin changes colour to match your surroundings (Stealth+).
Your rubbery body absorbs attacks. (AC +1, EV +1)


Message History

You hit the gnoll. You burn the gnoll.
The gnoll is almost dead.
You constrict the gnoll.
You kill the gnoll!
The gnoll throws a throwing net.
The throwing net hits you.
You become entangled in the net!
You struggle against the net.
The gnoll hits you with a +3 flail!
You struggle against the net.
The gnoll barely misses you.
You tear a large gash into the net.
The gnoll hits you with a +3 flail!
* * * LOW HITPOINT WARNING * * *
The gnoll hits you from afar with a +0 spear.
* * * LOW HITPOINT WARNING * * *
You rip the net and break free!
The gnoll closely misses you. x2
The gnoll throws a throwing net.
The throwing net hits you.
You become entangled in the net!
You see here a throwing net.
You struggle against the net.
You struggle against the net.
The gnoll hits you with a +3 flail!
You die...
Xom is highly amused!

..# ..# ..### ...>#
### ..#.# ..# ..#.#
#####.# ..#.#
.#...#.#
).#.#####.#.#.#.####
#.........#.#...@g.#
#.........#.#<#.##g#
#........†#.#.#.##)#
###.#####.#.#.#.##.#
# #...........#.##.#
# ###...........##.#
# #...........##.# #
#...........##.# #
#...........##.#


You could see 2 gnolls.

Vanquished Creatures
  Terence (D:2)
  A worker ant (D:2)
  A gnoll (D:3)
  3 adders (D:2)
  2 worms (D:2)
  A dart slug (D:2)
  A leopard gecko (D:1)
  An orc (D:3)
  8 bats
  4 giant cockroaches
  8 hobgoblins
  3 jackals
  8 kobolds
  A ball python (D:3)
  4 frilled lizards
  10 goblins
  10 rats
67 creatures vanquished.

Vanquished Creatures (others)
  A centaur skeleton (D:2)
1 creature vanquished.

Grand Total: 68 creatures vanquished

Notes
Turn   | Place    | Note
-------+----------+-------------------------------------------
     0 | D:1      | Iskender the Octopode Chaos Knight began the quest for the
                  | Orb.
     0 | D:1      | Reached XP level 1. HP: 16/16 MP: 1/1
    32 | D:1      | Reached skill level 1 in Stealth
    45 | D:1      | XOM: silly message
    65 | D:1      | Reached XP level 2. HP: 21/21 MP: 2/2
   511 | D:1      | Reached XP level 3. HP: 26/26 MP: 3/3
   572 | D:2      | Found a snail-covered altar of Cheibriados.
   625 | D:2      | XOM: harmless Conj miscast
   688 | D:2      | XOM: cloud trail
   696 | D:2      | XOM: harmless Necr miscast
   731 | D:2      | Reached XP level 4. HP: 13/31 MP: 4/4
   861 | D:2      | XOM: cloud trail
  1082 | D:2      | XOM: polymorph worm -> worker ant
  1661 | D:2      | Found a shimmering altar of Xom.
  1737 | D:2      | Reached XP level 5. HP: 30/36 MP: 5/5
  1754 | D:2      | Noticed Terence
  1773 | D:2      | Killed Terence
  1826 | D:2      | XOM: god gift: blowgun {god gift}
  1832 | D:2      | XOM: harmless Tmut miscast
  2678 | D:3      | Mangled by a gnoll

Skill      XL: |  1  2  3  4 |
---------------+-------------+-----
Stealth        | 2 3 4 |  4.3
Dodging        | 3 4 |  4.8
Fighting       | |  3.0
Polearms       | |  3.0

Action                   |  1- 3 |  4- 6 || total
-------------------------+-------+-------++-------
Melee: Spear             |    73 |    93 ||   166
       Constrict         |    15 |    14 ||    29
       Tentacles         |     9 |     7 ||    16
 Fire: Blowgun           |       |     3 ||     3
Throw: Stone             |       |     4 ||     4
  Use: Scroll            |     1 |     1 ||     2
       Potion            |       |     2 ||     2
 Stab: Sleeping          |     9 |    10 ||    19
       Paralysed         |     1 |     1 ||     2
       Petrifying        |     1 |       ||     1
       Distracted        |       |     2 ||     2
  Eat: Chunk             |       |     6 ||     6
Armor: Skin              |     1 |     6 ||     7
Dodge: Dodged            |    24 |    55 ||    79
